 Dungeon Crawl Stone Soup version 0.31-a0-971-g75a2e9a4b4 (webtiles) character file.

Game seed: 3898472577865983158

144 demibob the Poker (level 5, 0/27 HPs)
             Began as a Deep Elf Chaos Knight on Oct 28, 2023.
             Was a Plaything of Xom.
             Succumbed to an orc's poison
             ... on level 3 of the Dungeon.
             The game lasted 00:04:26 (2053 turns).

demibob the Poker (Deep Elf Chaos Knight)           Turns: 2053, Time: 00:04:27

Health: 0/27       AC: 10    Str:  9    XL:     5   Next: 5%
Magic:  7/7        EV: 12    Int: 19    God:    Xom [......]
Gold:   221        SH:  0    Dex: 14    Spells: 4/4 levels left

rFire   . . .        a - +0 spear (chaos)
rCold   . . .        (no shield)
rNeg    . . .        b - +2 leather armour
rPois   .            g - +0 helmet
rElec   .            (no cloak)
rCorr   .            (no gloves)
SInv    .            (no boots)
Will    .....        (no amulet)
Stlth   +            T - +4 ring of protection
HPRegen 0.24/turn    (no ring)
MPRegen 0.10/turn

%: no passive effects
@: lethally poisoned (0 -> -13), attractive
A: frail 1
a: Renounce Religion


You were on level 3 of the Dungeon.
You worshipped Xom.
You were a very special plaything of Xom.
You visited 1 branch of the dungeon, and saw 3 of its levels.

You collected 221 gold pieces.


Innate Abilities, Weirdness & Mutations

You are frail. (-10% HP)


   Skills:
 - Level 2.4 Fighting
 + Level 4.3 Polearms
 - Level 0.7 Armour
 - Level 2.4 Dodging


You had 4 spell levels left.
You didn't know any spells.
Your spell library was empty.

Inventory:

Hand Weapons
 a - a +0 spear of chaos (weapon)
Missiles
 f - 2 throwing nets {=f}
Armour
 b - a +2 leather armour (worn)
 d - a +0 cloak
 g - a +0 helmet (worn)
Jewellery
 M - a ring of magical power
 T - a +4 ring of protection (left hand)
Scrolls
 c - a scroll of torment {unknown}
 e - 2 scrolls of identify {@r1}
 h - a scroll of fear {unknown}
 j - a scroll of acquirement {unknown}
 k - 2 scrolls of fog

Dungeon Overview and Level Annotations

Branches:
Dungeon (3/15)

Altars:

Shops:
D:2 [

Annotations:
D:2 Natasha, Sigmund

#.P~~≈≈~.................###
..~P≈≈~~.##.......)........#
..~~≈≈~...............##...#
...≈≈≈~~..............##...####
...≈≈≈≈...............'...##..##
...r≈~................#...#8..8##
..~≈≈P~........§......#.........#
..~g≈≈~...o....#o..####..†..>....
..~~≈~..########@..# #...#8..8#
...≈~~P.# ##### #.####..##
..~~~~~.. ####.# ..# .~~~~≈...
#....# .# .~P~≈≈P..# #...##
..~≈≈≈P..### #...# .~~≈≈~~....#
#...# P~~≈≈P.....# #####..###
ro≈≈≈≈~....# #.....)..#


You could see an orc (very poisoned).


Message History

The orc is moderately wounded.
You feel very sick.
The orc hits you from afar with a +1 trident of venom.
You are lethally poisoned!
You reach to attack!
You hit the orc but do no damage.
The orc resists with some effort.
The orc is moderately wounded.
* * * LOW HITPOINT WARNING * * *
You feel very sick. The orc closely misses you.
Unknown command.
It was a potion of attraction.
You feel attractive to monsters.
* * * LOW HITPOINT WARNING * * *
You feel very sick. The orc barely misses you. The orc is attracted toward you.
You completely miss the orc.
The orc is lightly wounded.
* * * LOW HITPOINT WARNING * * *
You feel very sick. The orc hits you but does no damage.
You are more poisoned.
You hit the orc but do no damage.
The orc is lightly wounded.
* * * LOW HITPOINT WARNING * * *
You feel very sick.
You hit the orc.
The orc looks even sicker.
The orc is almost dead.
You die...
Xom bursts into laughter!

Skill      XL: |  1  2  3  4 |
---------------+-------------+-----
Polearms       | 3 4 |  4.3
Fighting       | |  2.4
Armour         | |  0.7
Dodging        | |  2.4

Action                     |  1- 3 |  4- 6 || total
---------------------------+-------+-------++-------
  Melee: Spear             |   103 |   139 ||   242
         Punch             |     1 |       ||     1
    Use: Scroll            |     3 |     3 ||     6
         Potion            |       |     3 ||     3
   Stab: Sleeping          |     2 |     2 ||     4
         Confused          |       |     2 ||     2
         Petrifying        |       |     1 ||     1
 Armour: Leather armour    |    48 |    58 ||   106
  Dodge: Dodged            |    51 |    65 ||   116

Levels and vault maps discovered:
D:1:      minmay_arrival_loop, layout_basic, serial_park_tiny_2
D:2:      layout_loops_corners, serial_shops, shop, uniq_sigmund, uniq_robin,
          uniq_terence, uniq_natasha
D:3:      layout_basic, minmay_gold_behind_fungi, st_stairs_6,
          chequers_big_river, amcnicky_mini_pool_small

Notes
Turn   | Place    | Note
-------+----------+-------------------------------------------
     0 | D:1      | demibob the Deep Elf Chaos Knight began the quest for the
                  | Orb.
     0 | D:1      | Reached XP level 1. HP: 13/13 MP: 3/3
    31 | D:1      | XOM: divination: detect items
    78 | D:1      | XOM: swap monsters
    88 | D:1      | Reached XP level 2. HP: 18/18 MP: 4/4
   456 | D:1      | Reached skill level 3 in Polearms
   741 | D:2      | Reached XP level 3. HP: 19/22 MP: 5/5
   857 | D:2      | Found Puyratiq's Armour Shoppe.
   939 | D:2      | Noticed Robin
   944 | D:2      | XOM: cast spell 'Call Canine Familiar'
   958 | D:2      | Killed Robin
   959 | D:2      | Reached XP level 4. HP: 27/27 MP: 6/6
  1014 | D:2      | XOM: divination: detect creatures
  1318 | D:2      | Noticed Terence
  1349 | D:2      | Killed Terence
  1350 | D:2      | Reached skill level 4 in Polearms
  1495 | D:2      | Noticed Sigmund
  1495 | D:2      | Noticed Natasha
  1501 | D:2      | XOM: fake destruction
  1688 | D:3      | XOM: give mutation
  1688 | D:3      | Gained mutation: You are frail. (-10% HP) [Xom's mischief]
  1814 | D:3      | XOM: silly message
  1936 | D:3      | Reached XP level 5. HP: 27/27 MP: 7/7
  2052 | D:3      | HP: 2/27 [poisoned by an orc]
  2053 | D:3      | Succumbed to an orc's poison

Vanquished Creatures
  Terence (D:2)
  2 adders
  3 dart slugs
  3 orcs (D:3)
  9 bats
  3 endoplasms
  4 giant cockroaches
  6 goblins
  6 hobgoblins
  6 jackals (D:2)
  2 quokkas
  3 ball pythons
  3 frilled lizards
  3 kobolds
  12 rats
66 creatures vanquished.

Vanquished Creatures (collateral kills)
  Robin (D:2)
  A giant cockroach (D:2)
  5 goblins (D:2)
  A hobgoblin (D:2)
  2 rats (D:2)
10 creatures vanquished.

Grand Total: 76 creatures vanquished

Table legend: (Time is in decaauts)
 A = Elapsed time spent in this place.
 B = Non-inter-level travel time spent in this place.
 C = Inter-level travel time spent in this place.
 D = Time resting spent in this place.
 E = Time spent auto-exploring this place.
 F = Levels seen in this place.
 G = Mean time per level.
                   A        B        C        D        E       F      G
               +--------+--------+--------+--------+--------+-----+--------+
         Total |   2037 |   1959 |     78 |     41 |   1384 |   3 |  679.0 |
       Dungeon |   2037 |   1959 |     78 |     41 |   1384 |   3 |  679.0 |
               +--------+--------+--------+--------+--------+-----+--------+

Top non-repeatable levels by time:
     D:2: 907 daAuts
     D:1: 729 daAuts
     D:3: 400 daAuts

Table legend:
 A = Non-vault XP
 B = Vault XP
 C = Vault XP percentage of total XP
 D = Non-vault monster count
 E = Vault monster count
 F = Vault count percentage of total count
                 A         B        C        D         E       F
            +---------+---------+-------+---------+---------+-------
      Total |     130 |      77 |  37.2 |      61 |      15 |  19.7
            +---------+---------+-------+---------+---------+-------
        D:1 |      39 |       0 |   0.0 |      25 |       0 |   0.0
        D:2 |      52 |      73 |  58.4 |      22 |      13 |  37.1
        D:3 |      39 |       4 |   9.3 |      14 |       2 |  12.5
            +---------+---------+-------+---------+---------+-------
